| TOP OF THE 1ST |
|
Los Angeles Dodgers batting - Pitching for San Diego Padres : LHP Unkei Wakamatsu
|
|
Pitching: LHP Unkei Wakamatsu
|
|
|
Batting: RHB Tim Nettles
|
0-0: Ball 1-0: Called Strike 1-1: Ground out 5-3 (Groundball, 56S, EV 66.2 MPH)
|
|
Batting: SHB Shane Marcum
|
0-0: SINGLE (Groundball, 56D, EV 98.8 MPH)
|
|
Batting: RHB Danny Dyer
|
0-0: Called Strike 0-1: Ball 1-1: Foul Ball, location: 2F 1-2: Fly out, F7 (Flyball, 78M, EV 94.4 MPH)
|
|
Batting: RHB John Piccolo
|
0-0: Ball 1-0: Ball 2-0: Fly out, F7 (Flyball, 78XD, EV 103.1 MPH)
|
| Top of the 1st over - 0 runs, 1 hit, 0 errors, 1 left on base; Los Angeles 0 - San Diego 0 |
| BOTTOM OF THE 1ST |
|
San Diego Padres batting - Pitching for Los Angeles Dodgers : RHP Jeremy Stock
|
|
Pitching: RHP Jeremy Stock
|
|
|
Batting: RHB Hildo Pot
|
0-0: Ball 1-0: Fly out, F1 (Line Drive, P, EV 69.4 MPH)
|
|
Batting: SHB Phil Zacharia
|
0-0: Foul Ball, location: 2F 0-1: Reached on error, E6 (Groundball, 6M, EV 91.9 MPH)
|
|
Batting: RHB Hugo Bautista
|
0-0: Called Strike 0-1: Ball 1-1: Ball 2-1: Foul Ball, location: 2F 2-2: Strikes out swinging
|
|
Batting: LHB James McCauley
|
0-0: Ball 1-0: SINGLE (Line Drive, 34, EV 98.8 MPH) Phil Zacharia to second
|
|
Batting: LHB Mike Holt
|
0-0: Foul Ball, location: 2F 0-1: SINGLE (Line Drive, 8LS, EV 113.8 MPH) Phil Zacharia to third James McCauley to second Runner from 3rd tries for Home, SAFE, throw by CF to home
|
|
Batting: RHB Mike Salmon
|
0-0: Ball 1-0: Ball 2-0: Called Strike 2-1: Ball Wild Pitch! James McCauley to third Mike Holt to second 3-1: Base on Balls
|
|
Batting: LHB Kevin Bellman
|
0-0: Ball 1-0: Called Strike 1-1: Ground out 4-3 (Groundball, 4M, EV 108.1 MPH)
|
| Bottom of the 1st over - 1 run, 2 hits, 1 error, 3 left on base; Los Angeles 0 - San Diego 1 |
| TOP OF THE 2ND |
|
Los Angeles Dodgers batting - Pitching for San Diego Padres : LHP Unkei Wakamatsu
|
|
Batting: RHB Tsutomu Irie
|
0-0: Called Strike 0-1: Swinging Strike 0-2: Ball 1-2: Strikes out swinging
|
|
Batting: RHB Wing-kit Bu
|
0-0: Fly out, F1 (Line Drive, P, EV 66.9 MPH)
|
|
Batting: SHB Benjamin Brown
|
0-0: Called Strike 0-1: Swinging Strike 0-2: Strikes out looking
|
| Top of the 2nd over - 0 runs, 0 hits, 0 errors, 0 left on base; Los Angeles 0 - San Diego 1 |
| BOTTOM OF THE 2ND |
|
San Diego Padres batting - Pitching for Los Angeles Dodgers : RHP Jeremy Stock
|
|
Batting: RHB Luis Torres
|
0-0: Foul Ball, location: 2F 0-1: Foul Ball, location: 2F 0-2: Strikes out swinging
|
|
Batting: RHB Billy Crookston
|
0-0: Called Strike 0-1: Called Strike 0-2: Ball 1-2: Foul Ball, location: 2F 1-2: Fly out, F9 (Line Drive, 9, EV 89.4 MPH)
|
|
Batting: RHB Hildo Pot
|
0-0: Ball 1-0: Swinging Strike 1-1: Ball 2-1: SOLO HOME RUN (Flyball, 9D, EV 98.8 MPH), Distance : 376 ft
|
|
Batting: LHB Chad Cutler
|
0-0: Ball 1-0: Swinging Strike 1-1: Swinging Strike 1-2: Ball 2-2: Strikes out swinging
|
| Bottom of the 2nd over - 1 run, 1 hit, 0 errors, 0 left on base; Los Angeles 0 - San Diego 2 |
| TOP OF THE 3RD |
|
Los Angeles Dodgers batting - Pitching for San Diego Padres : LHP Unkei Wakamatsu
|
|
Batting: LHB Stephen Van Raalte
|
0-0: Ball 1-0: Called Strike 1-1: Foul Ball, location: 2F 1-2: Ball 2-2: Foul Ball, location: 2F 2-2: Ball 3-2: Foul Ball, location: 2F 3-2: Foul Ball, location: 2F 3-2: Base on Balls
|
|
Batting: RHB Leonardo Nava
|
0-0: Grounds into double play, 6-4-3 (Groundball, 6M, EV 105.0 MPH)
|
|
Batting: RHB Tim Nettles
|
0-0: Ball 1-0: Foul Ball, location: 2F 1-1: Ball 2-1: Foul Ball, location: 2F 2-2: Strikes out swinging
|
| Top of the 3rd over - 0 runs, 0 hits, 0 errors, 0 left on base; Los Angeles 0 - San Diego 2 |
| BOTTOM OF THE 3RD |
|
San Diego Padres batting - Pitching for Los Angeles Dodgers : RHP Jeremy Stock
|
|
Batting: RHB Hugo Bautista
|
0-0: Ball 1-0: Called Strike 1-1: Ball 2-1: Foul Ball, location: 2F 2-2: SINGLE (Line Drive, 7S, EV 104.4 MPH)
|
|
Batting: LHB James McCauley
|
0-0: Ball 1-0: Swinging Strike 1-1: Ball 2-1: Grounds into double play, U6-3 (Groundball, 4M, EV 88.8 MPH)
|
|
Batting: LHB Mike Holt
|
0-0: Ball 1-0: Foul Ball, location: 2F 1-1: Foul Ball, location: 2F 1-2: Strikes out swinging
|
| Bottom of the 3rd over - 0 runs, 1 hit, 0 errors, 0 left on base; Los Angeles 0 - San Diego 2 |
| TOP OF THE 4TH |
|
Los Angeles Dodgers batting - Pitching for San Diego Padres : LHP Unkei Wakamatsu
|
|
Batting: SHB Shane Marcum
|
0-0: Ball 1-0: Ball 2-0: Called Strike 2-1: Foul Ball, location: 2F 2-2: Ball 3-2: Ground out 2-3 (Groundball, 2L, EV 70.6 MPH)
|
|
Batting: RHB Danny Dyer
|
0-0: Ball 1-0: Swinging Strike 1-1: Swinging Strike 1-2: Ball 2-2: Ball 3-2: Strikes out swinging
|
|
Batting: RHB John Piccolo
|
0-0: Ball 1-0: Ball 2-0: Foul Ball, location: 2F 2-1: SINGLE (Line Drive, 8LS, EV 88.8 MPH)
|
|
Batting: RHB Tsutomu Irie
|
0-0: Ball 1-0: Called Strike 1-1: Foul Ball, location: 2F 1-2: Fly out, F9 (Flyball, 9D, EV 87.5 MPH)
|
| Top of the 4th over - 0 runs, 1 hit, 0 errors, 1 left on base; Los Angeles 0 - San Diego 2 |
| BOTTOM OF THE 4TH |
|
San Diego Padres batting - Pitching for Los Angeles Dodgers : RHP Jeremy Stock
|
|
Batting: RHB Mike Salmon
|
0-0: Ball 1-0: Called Strike 1-1: Swinging Strike 1-2: Ball 2-2: Strikes out swinging
|
|
Batting: LHB Kevin Bellman
|
0-0: Called Strike 0-1: Foul Ball, location: 2F 0-2: Ball 1-2: Ball 2-2: SINGLE (Flyball, 4D, EV 93.1 MPH)
|
|
Batting: RHB Luis Torres
|
0-0: Called Strike 0-1: Ball 1-1: Swinging Strike 1-2: Ball 2-2: Ball 3-2: Foul Ball, location: 2F 3-2: Base on Balls Kevin Bellman to second
|
|
Batting: RHB Billy Crookston
|
0-0: Ball 1-0: Ball 2-0: Foul Ball, location: 2F 2-1: Fly out, F3 (Popup, 23F, EV 76.2 MPH)
|
|
Batting: RHB Hildo Pot
|
0-0: Foul Ball, location: 2F 0-1: Ball 1-1: Foul Ball, location: 2F 1-2: Ball 2-2: Ball 3-2: Foul Ball, location: 2F 3-2: Strikes out swinging
|
| Bottom of the 4th over - 0 runs, 1 hit, 0 errors, 2 left on base; Los Angeles 0 - San Diego 2 |
| TOP OF THE 5TH |
|
Los Angeles Dodgers batting - Pitching for San Diego Padres : LHP Unkei Wakamatsu
|
|
Batting: RHB Wing-kit Bu
|
0-0: Ground out 4-3 (Groundball, 4, EV 93.1 MPH)
|
|
Batting: SHB Benjamin Brown
|
0-0: Ball 1-0: Foul Ball, location: 2F 1-1: Swinging Strike 1-2: Ball 2-2: Strikes out swinging
|
|
Batting: LHB Stephen Van Raalte
|
0-0: Ground out 5-3 (Groundball, 6, EV 81.9 MPH)
|
| Top of the 5th over - 0 runs, 0 hits, 0 errors, 0 left on base; Los Angeles 0 - San Diego 2 |
| BOTTOM OF THE 5TH |
|
San Diego Padres batting - Pitching for Los Angeles Dodgers : RHP Jeremy Stock
|
|
Batting: LHB Chad Cutler
|
0-0: Called Strike 0-1: Foul Ball, location: 2F 0-2: Strikes out swinging
|
|
Batting: RHB Hugo Bautista
|
0-0: Called Strike 0-1: Ball 1-1: Fly out, F9 (Flyball, 9, EV 80.6 MPH)
|
|
Batting: LHB James McCauley
|
0-0: Foul Ball, location: 2F 0-1: DOUBLE (Flyball, 78D, EV 86.9 MPH)
|
|
Batting: LHB Mike Holt
|
0-0: Ball 1-0: Ball 2-0: DOUBLE (Line Drive, 78D, EV 108.1 MPH) James McCauley scores
|
|
Batting: RHB Mike Salmon
|
0-0: Foul Ball, location: 2F 0-1: Ball 1-1: Foul Ball, location: 2F 1-2: Ball 2-2: Fly out, F8 (Flyball, 8LD, EV 100.6 MPH)
|
| Bottom of the 5th over - 1 run, 2 hits, 0 errors, 1 left on base; Los Angeles 0 - San Diego 3 |
| TOP OF THE 6TH |
|
Los Angeles Dodgers batting - Pitching for San Diego Padres : LHP Unkei Wakamatsu
|
|
Batting: RHB Leonardo Nava
|
0-0: Ball 1-0: Called Strike 1-1: Ball 2-1: Fly out, F7 (Line Drive, 7LM, EV 99.4 MPH)
|
|
Batting: RHB Tim Nettles
|
0-0: Called Strike 0-1: Called Strike 0-2: Strikes out swinging
|
|
Batting: SHB Shane Marcum
|
0-0: Called Strike 0-1: Foul Ball, location: 2F 0-2: Ball 1-2: Ball 2-2: SOLO HOME RUN (Flyball, 9D, EV 95.0 MPH), Distance : 378 ft
|
|
Batting: RHB Danny Dyer
|
0-0: Called Strike 0-1: Ball 1-1: Called Strike 1-2: Ball 2-2: Ball 3-2: Ground out 5-3 (Groundball, 6S, EV 82.5 MPH)
|
| Top of the 6th over - 1 run, 1 hit, 0 errors, 0 left on base; Los Angeles 1 - San Diego 3 |
| BOTTOM OF THE 6TH |
|
San Diego Padres batting - Pitching for Los Angeles Dodgers : RHP Jeremy Stock
|
|
Pitching: RHP Adam Bucci
|
|
|
Batting: LHB Kevin Bellman
|
0-0: Ball 1-0: Ball 2-0: Ball 3-0: Base on Balls
|
|
Batting: RHB Luis Torres
|
0-0: Ball 1-0: Swinging Strike 1-1: Foul Ball, location: 2F 1-2: Foul Ball, location: 2F 1-2: Ball 2-2: Ball 3-2: Foul Ball, location: 2F 3-2: Strikes out swinging
|
|
Batting: RHB Billy Crookston
|
0-0: Called Strike 0-1: Grounds into double play, 4-6-3 (Groundball, 4, EV 81.2 MPH)
|
| Bottom of the 6th over - 0 runs, 0 hits, 0 errors, 0 left on base; Los Angeles 1 - San Diego 3 |
| TOP OF THE 7TH |
|
Los Angeles Dodgers batting - Pitching for San Diego Padres : LHP Unkei Wakamatsu
|
|
Batting: RHB John Piccolo
|
0-0: Ball 1-0: Swinging Strike 1-1: Ball 2-1: SOLO HOME RUN (Flyball, 89XD, EV 115.6 MPH), Distance : 424 ft
|
|
Batting: RHB Tsutomu Irie
|
0-0: Foul Ball, location: 2F 0-1: Foul Ball, location: 2F 0-2: Ground out 6-3 (Groundball, 56, EV 106.2 MPH)
|
|
Batting: RHB Wing-kit Bu
|
0-0: Called Strike 0-1: Ball 1-1: Ball 2-1: DOUBLE (Line Drive, 89D, EV 113.8 MPH)
|
|
Batting: SHB Benjamin Brown
|
0-0: Called Strike 0-1: Ball 1-1: DOUBLE (Groundball, 5L, EV 108.8 MPH) Wing-kit Bu scores
|
|
Batting: LHB Stephen Van Raalte
|
0-0: Foul Ball, location: 2F 0-1: Ball 1-1: Ball 2-1: Foul Ball, location: 2F 2-2: Fly out, F8 (Flyball, 8RD, EV 91.2 MPH)
|
|
Batting: RHB Leonardo Nava
|
0-0: Ball 1-0: Swinging Strike 1-1: Ball 2-1: Fly out, F9 (Flyball, 9, EV 92.5 MPH)
|
| Top of the 7th over - 2 runs, 3 hits, 0 errors, 1 left on base; Los Angeles 3 - San Diego 3 |
| BOTTOM OF THE 7TH |
|
San Diego Padres batting - Pitching for Los Angeles Dodgers : RHP Adam Bucci
|
|
Batting: RHB Hildo Pot
|
0-0: Ball 1-0: Ball 2-0: Fly out, F9 (Flyball, 9LSF, EV 97.5 MPH)
|
|
Batting: LHB Chad Cutler
|
0-0: Ball 1-0: Called Strike 1-1: Ball 2-1: Foul Ball, location: 2F 2-2: Ground out U3 (Groundball, 34, EV 83.1 MPH)
|
|
Batting: RHB Hugo Bautista
|
0-0: Swinging Strike 0-1: Foul Ball, location: 2F 0-2: Ball 1-2: Strikes out swinging
|
| Bottom of the 7th over - 0 runs, 0 hits, 0 errors, 0 left on base; Los Angeles 3 - San Diego 3 |
| TOP OF THE 8TH |
|
Los Angeles Dodgers batting - Pitching for San Diego Padres : LHP Unkei Wakamatsu
|
|
Pitching: LHP Jim Turan
|
|
|
Batting: RHB Tim Nettles
|
0-0: Foul Ball, location: 2F 0-1: Swinging Strike 0-2: Ball 1-2: Ball 2-2: Ball 3-2: Strikes out swinging
|
|
Batting: SHB Shane Marcum
|
0-0: Ball 1-0: Called Strike 1-1: Ball 2-1: Fly out, F9 (Flyball, 9D, EV 89.4 MPH)
|
|
Batting: RHB Danny Dyer
|
0-0: Called Strike 0-1: Swinging Strike 0-2: Ball 1-2: Foul Ball, location: 2F 1-2: Foul Ball, location: 2F 1-2: Ball 2-2: Strikes out looking
|
| Top of the 8th over - 0 runs, 0 hits, 0 errors, 0 left on base; Los Angeles 3 - San Diego 3 |
| BOTTOM OF THE 8TH |
|
San Diego Padres batting - Pitching for Los Angeles Dodgers : RHP Adam Bucci
|
|
Pitching: RHP Santiago Montero
|
|
|
Batting: LHB James McCauley
|
0-0: Called Strike 0-1: Fly out, F9 (Flyball, 9S, EV 89.4 MPH)
|
|
Batting: LHB Mike Holt
|
0-0: Ball 1-0: Swinging Strike 1-1: Ball 2-1: Called Strike 2-2: Ball 3-2: Foul Ball, location: 2F 3-2: Strikes out looking
|
|
Batting: RHB Mike Salmon
|
0-0: Ball 1-0: Ball 2-0: Foul Ball, location: 2F 2-1: Foul Ball, location: 2F 2-2: Ball 3-2: Ground out 5-3 (Groundball, 56S, EV 86.9 MPH)
|
| Bottom of the 8th over - 0 runs, 0 hits, 0 errors, 0 left on base; Los Angeles 3 - San Diego 3 |
| TOP OF THE 9TH |
|
Los Angeles Dodgers batting - Pitching for San Diego Padres : LHP Jim Turan
|
|
Batting: RHB John Piccolo
|
0-0: Ball 1-0: Called Strike 1-1: Foul Ball, location: 2F 1-2: Strikes out swinging
|
|
Batting: RHB Tsutomu Irie
|
0-0: Foul Ball, location: 2F 0-1: Called Strike 0-2: Ball 1-2: Ball 2-2: Ball 3-2: Base on Balls
|
|
Batting: RHB Wing-kit Bu
|
0-0: Ball 1-0: Ball 2-0: Called Strike 2-1: Foul Ball, location: 2F 2-2: Ball 3-2: Foul Ball, location: 2F 3-2: Foul Ball, location: 2F 3-2: Strikes out swinging
|
|
Pinch Hitting: RHB Clay Buchanan
|
0-0: Ball 1-0: Fly out, F4 (Flyball, 34D, EV 78.1 MPH)
|
| Top of the 9th over - 0 runs, 0 hits, 0 errors, 1 left on base; Los Angeles 3 - San Diego 3 |
| BOTTOM OF THE 9TH |
|
San Diego Padres batting - Pitching for Los Angeles Dodgers : RHP Santiago Montero
|
|
Pitching: RHP Geoff Mooney
|
|
|
Now at C: Shane Marcum
|
|
|
Now at 3B: Leonardo Nava
|
|
|
Now at SS: Clay Buchanan
|
|
|
Batting: LHB Kevin Bellman
|
0-0: Called Strike 0-1: Foul Ball, location: 2F 0-2: Ground out 6-3 (Groundball, 6, EV 104.4 MPH)
|
|
Pinch Hitting: SHB Terry Tuckfard
|
0-0: Called Strike 0-1: SINGLE (Line Drive, 89S, EV 89.4 MPH)
|
|
Batting: RHB Billy Crookston
|
0-0: Called Strike Terry Tuckfard is caught stealing 2nd base 2-4 0-1: SINGLE (Line Drive, 56D, EV 97.5 MPH)
|
|
Batting: RHB Hildo Pot
|
0-0: Called Strike 0-1: Ball 1-1: Ball 2-1: Foul Ball, location: 2F 2-2: Ball 3-2: Foul Ball, location: 2F 3-2: SINGLE (Line Drive, 9S, EV 96.2 MPH) Billy Crookston to second Billy Crookston to third
|
|
Batting: LHB Chad Cutler
|
0-0: Swinging Strike 0-1: Swinging Strike 0-2: Strikes out looking
|
| Bottom of the 9th over - 0 runs, 3 hits, 0 errors, 2 left on base; Los Angeles 3 - San Diego 3 |
| TOP OF THE 10TH |
|
Los Angeles Dodgers batting - Pitching for San Diego Padres : LHP Jim Turan
|
|
Pitching: RHP Bas Kooy
|
|
|
Now at SS: Drtian Thaqi
|
|
|
Batting: LHB Stephen Van Raalte
|
0-0: Called Strike 0-1: Called Strike 0-2: Ball 1-2: Strikes out looking
|
|
Pinch Hitting: LHB Chris Buchan
|
0-0: Called Strike 0-1: Fly out, F7 (Flyball, 7S, EV 80.0 MPH)
|
|
Pinch Hitting: SHB Joel Baker
|
0-0: Called Strike 0-1: Ball 1-1: Swinging Strike 1-2: Foul Ball, location: 2F 1-2: Strikes out swinging
|
| Top of the 10th over - 0 runs, 0 hits, 0 errors, 0 left on base; Los Angeles 3 - San Diego 3 |
| BOTTOM OF THE 10TH |
|
San Diego Padres batting - Pitching for Los Angeles Dodgers : RHP Geoff Mooney
|
|
Pitching: RHP Nate Allen
|
|
|
Now at C: Joel Baker
|
|
|
Now at 3B: Shane Marcum
|
|
|
Now in RF: Darrell Ortega
|
|
|
Batting: RHB Hugo Bautista
|
0-0: Ball 1-0: Called Strike 1-1: Ball 2-1: Ball 3-1: Foul Ball, location: 2F 3-2: Strikes out looking
|
|
Batting: LHB James McCauley
|
0-0: Ball 1-0: Swinging Strike 1-1: Swinging Strike 1-2: Ball 2-2: Strikes out swinging
|
|
Batting: LHB Mike Holt
|
0-0: Swinging Strike 0-1: Ball 1-1: Ball 2-1: Fly out, F7 (Flyball, 7LS, EV 96.2 MPH)
|
| Bottom of the 10th over - 0 runs, 0 hits, 0 errors, 0 left on base; Los Angeles 3 - San Diego 3 |
| TOP OF THE 11TH |
|
Los Angeles Dodgers batting - Pitching for San Diego Padres : RHP Bas Kooy
|
|
Batting: SHB Shane Marcum
|
0-0: Ball 1-0: Called Strike 1-1: Ball 2-1: Ball 3-1: Ground out 5-3 (Groundball, 56S, EV 79.4 MPH)
|
|
Batting: RHB Danny Dyer
|
0-0: Called Strike 0-1: Ball 1-1: Ball 2-1: Ball 3-1: Foul Ball, location: 2F 3-2: Strikes out swinging
|
|
Batting: RHB John Piccolo
|
0-0: Ball 1-0: Ball 2-0: Foul Ball, location: 2F 2-1: Ball 3-1: Foul Ball, location: 2F 3-2: Ground out 5-3 (Groundball, 5, EV 88.8 MPH)
|
| Top of the 11th over - 0 runs, 0 hits, 0 errors, 0 left on base; Los Angeles 3 - San Diego 3 |
| BOTTOM OF THE 11TH |
|
San Diego Padres batting - Pitching for Los Angeles Dodgers : RHP Nate Allen
|
|
Batting: RHB Mike Salmon
|
0-0: Called Strike 0-1: Ball 1-1: Called Strike 1-2: Strikes out swinging
|
|
Batting: LHB Kevin Bellman
|
0-0: Foul Ball, location: 2F 0-1: Foul Ball, location: 2F 0-2: Fly out, F8 (Line Drive, 8RD, EV 88.1 MPH)
|
|
Batting: RHB Drtian Thaqi
|
0-0: Ball 1-0: Called Strike 1-1: Called Strike 1-2: Ball 2-2: Strikes out looking
|
| Bottom of the 11th over - 0 runs, 0 hits, 0 errors, 0 left on base; Los Angeles 3 - San Diego 3 |
| TOP OF THE 12TH |
|
Los Angeles Dodgers batting - Pitching for San Diego Padres : RHP Bas Kooy
|
|
Pitching: RHP Brad Kramer
|
|
|
Batting: RHB Tsutomu Irie
|
0-0: Called Strike 0-1: Called Strike 0-2: Strikes out swinging
|
|
Batting: RHB Wing-kit Bu
|
0-0: Fly out, F7 (Flyball, 7D, EV 96.2 MPH)
|
|
Batting: RHB Clay Buchanan
|
0-0: Ball 1-0: DOUBLE (Flyball, 8RXD, EV 89.4 MPH) - OUT at third base trying to stretch hit.
|
| Top of the 12th over - 0 runs, 1 hit, 0 errors, 0 left on base; Los Angeles 3 - San Diego 3 |
| BOTTOM OF THE 12TH |
|
San Diego Padres batting - Pitching for Los Angeles Dodgers : RHP Nate Allen
|
|
Pitching: RHP Craig Fallon
|
|
|
Batting: RHB Billy Crookston
|
0-0: Ball 1-0: Called Strike 1-1: Ground out 4-3 (Groundball, 34D, EV 107.5 MPH)
|
|
Batting: RHB Hildo Pot
|
0-0: Ball 1-0: Foul Ball, location: 2F 1-1: Ball 2-1: Called Strike 2-2: Ball 3-2: Base on Balls
|
|
Batting: LHB Chad Cutler
|
0-0: Ball 1-0: Swinging Strike 1-1: Fielders Choice at 2nd, 6-4 (Groundball, 6, EV 106.2 MPH)
|
|
Batting: RHB Hugo Bautista
|
0-0: Called Strike Chad Cutler is caught stealing 2nd base 2-4
|
| Bottom of the 12th over - 0 runs, 0 hits, 0 errors, 0 left on base; Los Angeles 3 - San Diego 3 |
| TOP OF THE 13TH |
|
Los Angeles Dodgers batting - Pitching for San Diego Padres : RHP Brad Kramer
|
|
Batting: LHB Stephen Van Raalte
|
0-0: Ball 1-0: Swinging Strike 1-1: Ground out 6-3 (Groundball, 4, EV 105.0 MPH)
|
|
Batting: LHB Darrell Ortega
|
0-0: Ground out U3 (Groundball, 3S, EV 72.5 MPH)
|
|
Batting: SHB Joel Baker
|
0-0: Ball 1-0: Ball 2-0: Ball 3-0: Called Strike 3-1: Base on Balls
|
|
Batting: SHB Shane Marcum
|
0-0: Called Strike 0-1: Ball 1-1: Foul Ball, location: 2F 1-2: Strikes out swinging
|
| Top of the 13th over - 0 runs, 0 hits, 0 errors, 1 left on base; Los Angeles 3 - San Diego 3 |
| BOTTOM OF THE 13TH |
|
San Diego Padres batting - Pitching for Los Angeles Dodgers : RHP Craig Fallon
|
|
Batting: RHB Hugo Bautista
|
0-0: Ball 1-0: Ball 2-0: Called Strike 2-1: Called Strike 2-2: SINGLE (Groundball, 4, EV 99.4 MPH)
|
|
Batting: LHB James McCauley
|
0-0: Called Strike Hugo Bautista steals 2nd base 0-1: Ball 1-1: Ball 2-1: Foul Ball, location: 2F 2-2: Foul Ball, location: 2F 2-2: Ball 3-2: Foul Ball, location: 2F 3-2: SINGLE (Line Drive, 4MD, EV 105.6 MPH) Hugo Bautista to third
|
|
Batting: LHB Mike Holt
|
0-0: Called Strike 0-1: Foul Ball, location: 2F 0-2: Ball 1-2: Foul Ball, location: 2F 1-2: Ball 2-2: Ball 3-2: Fly out, F7 (Flyball, 7, EV 98.1 MPH) Runner from 3rd tags up, SCORES, no throw by LF
|
| Bottom of the 13th over - 1 run, 2 hits, 0 errors, 1 left on base; Los Angeles 3 - San Diego 4 |
|